 Dungeon Crawl Stone Soup version 0.26-a0-542-gbaa144ba5c (webtiles) character file.

Game seed: 1935630146518936553

74 mive the Charlatan (level 4, -3/34 HPs)
             Began as a Gnoll Artificer on Aug 17, 2020.
             Killed from afar by an orc wizard (10 damage)
             ... with a puff of frost
             ... on level 3 of the Dungeon.
             The game lasted 00:11:07 (4465 turns).

mive the Charlatan (Gnoll Artificer)                Turns: 4465, Time: 00:11:07

Health: -3/34      AC:  6    Str: 14    XL:     4   Next: 28%
Magic:  5/5        EV: 12    Int: 15    God:
Gold:   103        SH:  0    Dex: 15    Spells: 5/5 levels left

rFire    . . .     SeeInvis .   m - +0 dagger
rCold    . . .     Faith    .   (no shield)
rNeg     . . .     Spirit   .   q - +0 ring mail
rPois    .         Reflect  .   (no helmet)
rElec    .         Harm     .   (no cloak)
rCorr    .                      (no gloves)
MR       .....                  (no boots)
Stlth    ++........             (no amulet)
HPRegen  0.11/turn              (no ring)
MPRegen  0.09/turn              (no ring)

@: no status effects
A: distributed training, fangs 1, strong nose
a: no special abilities


You were on level 3 of the Dungeon.
You visited 1 branch of the dungeon, and saw 3 of its levels.

You collected 103 gold pieces.

Inventory:

Hand Weapons
 a - a +0 club
 f - a +0 hand axe
 m - a +0 dagger (weapon)
 u - a +0 mace
Missiles
 g - 49 stones (quivered)
 o - 20 sling bullets
Armour
 b - a +0 leather armour
 p - a cursed +0 robe
 q - a +0 ring mail (worn)
Wands
 c - a wand of flame (8)
 d - a wand of enslavement (10)
 e - a wand of random effects (15)
Scrolls
 i - 2 scrolls of enchant armour {unknown}
 l - 4 scrolls of identify {unknown}
 t - a scroll of immolation {unknown}
 x - a scroll of remove curse {unknown}
Potions
 h - a potion of heal wounds {unknown}
 j - a potion of berserk rage {unknown}
 k - 2 potions of curing {unknown}
 n - a potion of haste {unknown}
 r - a potion of flight {unknown}
 s - a potion of invisibility {unknown}
 v - a potion of cancellation {unknown}
 w - a potion of brilliance {unknown}


   Skills:
 + Level 2.7 Fighting
 + Level 1.1 Short Blades
 + Level 1.1 Long Blades
 + Level 1.1 Axes
 + Level 1.1 Maces & Flails
 + Level 1.1 Polearms
 + Level 1.1 Staves
 + Level 1.1 Slings
 + Level 1.1 Bows
 + Level 1.1 Crossbows
 + Level 1.1 Throwing
 + Level 4.6 Armour
 + Level 2.7 Dodging
 + Level 2.5 Stealth
 + Level 1.1 Shields
 + Level 1.1 Unarmed Combat
 + Level 1.1 Spellcasting
 + Level 0.8 Conjurations
 + Level 0.8 Hexes
 + Level 0.8 Summonings
 + Level 0.8 Necromancy
 + Level 0.8 Translocations
 + Level 0.8 Transmutations
 + Level 0.8 Fire Magic
 + Level 0.8 Ice Magic
 + Level 0.8 Air Magic
 + Level 0.8 Earth Magic
 + Level 0.8 Poison Magic
 + Level 1.2 Invocations
 + Level 6.6 Evocations


You had 5 spell levels left.
You didn't know any spells.
Your spell library was empty.

Dungeon Overview and Level Annotations

Branches:
Dungeon (3/15)

Altars:
Fedhas

Annotations:
D:2 exclusion: 2 gnolls, Sigmund


Innate Abilities, Weirdness & Mutations

Your experience applies equally to all skills.
You have very sharp teeth.
Your uncanny sense of smell can sniff out nearby items.


Message History

* * * LOW HITPOINT WARNING * * *
Evoke which item? (* to show all) (? for menu, Esc to quit)
Aiming: Enslavement
Press: ? - help, Shift-Dir - straight line, f/p - orc wizard
Aim: an orc wizard, wielding a +0 dagger and wearing a +0 robe (heavily wounded, chance to defeat MR: 66%)
The orc wizard struggles to resist.
The orc wizard hits you but does no damage.
Evoke which item? (* to show all) (? for menu, Esc to quit)
Aiming: Enslavement
Press: ? - help, Shift-Dir - straight line, f/p - orc wizard
Aim: an orc wizard, wielding a +0 dagger and wearing a +0 robe (heavily wounded, chance to defeat MR: 66%)
The orc wizard struggles to resist.
The orc wizard completely misses you.
Evoke which item? (* to show all) (? for menu, Esc to quit)
Aiming: Enslavement
Press: ? - help, Shift-Dir - straight line, f/p - orc wizard
Aim: an orc wizard, wielding a +0 dagger and wearing a +0 robe (heavily wounded, chance to defeat MR: 66%)
The orc wizard struggles to resist.
The orc wizard points at you and mumbles some strange words.
The puff of frost hits you!
You die...

.........
..........
.........#
.####....#
...#.....###
............
..o#.....#
.........#
#######
.........#
#..o@<#
.........#
#.#####
.........# #.#
.........####.#
..............#
.............##
..)..........#
...#.......(.#
...#.........#


You could see an orc wizard.

Vanquished Creatures
  2 adders (D:2)
  An ooze (D:1)
  3 worms (D:2)
  2 dart slugs
  2 orcs
  2 giant cockroaches
  5 goblins
  6 hobgoblins
  4 kobolds
  A ball python (D:3)
  3 bats
  A frilled lizard (D:2)
  8 rats
40 creatures vanquished.

Notes
Turn   | Place    | Note
-------+----------+-------------------------------------------
     0 | D:1      | mive the Gnoll Artificer began the quest for the Orb.
     0 | D:1      | Reached XP level 1. HP: 17/17 MP: 1/1
   542 | D:1      | Reached XP level 2. HP: 19/23 MP: 2/2
  1919 | D:2      | Reached XP level 3. HP: 28/28 MP: 3/3
  2304 | D:2      | Reached skill level 1 in Invocations
  2380 | D:2      | Noticed Sigmund
  2481 | D:2      | Reached skill level 1 in Short Blades
  2481 | D:2      | Reached skill level 1 in Long Blades
  2481 | D:2      | Reached skill level 1 in Axes
  2481 | D:2      | Reached skill level 1 in Maces & Flails
  2481 | D:2      | Reached skill level 1 in Polearms
  2481 | D:2      | Reached skill level 1 in Staves
  2481 | D:2      | Reached skill level 1 in Slings
  2481 | D:2      | Reached skill level 1 in Bows
  2481 | D:2      | Reached skill level 1 in Crossbows
  2481 | D:2      | Reached skill level 1 in Throwing
  2481 | D:2      | Reached skill level 1 in Shields
  2481 | D:2      | Reached skill level 1 in Unarmed Combat
  2481 | D:2      | Reached skill level 1 in Spellcasting
  2528 | D:2      | Reached XP level 4. HP: 34/34 MP: 5/5
  3694 | D:3      | Found a blossoming altar of Fedhas.
  4465 | D:3      | Killed from afar by an orc wizard

Illustrated notes

Levels and vault maps discovered:
D:1:      nzn_arrival_depleted_hourglass, layout_loops_ring,
          hangedman_decor_growths
D:2:      layout_basic, uniq_sigmund
D:3:      layout_basic, fedhas_altar_1, minmay_cut_off

Skill      XL: |  1  2  3 |
---------------+----------+-----
Invocations    | 1 |  1.2
Short Blades   | 1 |  1.1
Long Blades    | 1 |  1.1
Axes           | 1 |  1.1
Maces & Flails | 1 |  1.1
Polearms       | 1 |  1.1
Staves         | 1 |  1.1
Slings         | 1 |  1.1
Bows           | 1 |  1.1
Crossbows      | 1 |  1.1
Throwing       | 1 |  1.1
Shields        | 1 |  1.1
Unarmed Combat | 1 |  1.1
Spellcasting   | 1 |  1.1
Fighting       | |  2.7
Armour         | |  4.6
Dodging        | |  2.7
Stealth        | |  2.5
Conjurations   | |  0.8
Hexes          | |  0.8
Summonings     | |  0.8
Necromancy     | |  0.8
Translocations | |  0.8
Transmutations | |  0.8
Fire Magic     | |  0.8
Ice Magic      | |  0.8
Air Magic      | |  0.8
Earth Magic    | |  0.8
Poison Magic   | |  0.8
Evocations     | |  6.6

Action                   |  1- 3 |  4- 6 || total
-------------------------+-------+-------++-------
Melee: Club              |    71 |       ||    71
       Bite              |    24 |    21 ||    45
       Dagger            |    85 |   105 ||   190
       Punch             |     1 |       ||     1
Throw: Stone             |    46 |    23 ||    69
Evoke: Wand              |     7 |     5 ||    12
 Stab: Sleeping          |     2 |       ||     2
Armor: Leather armour    |    20 |       ||    20
       Ring mail         |    17 |    29 ||    46
Dodge: Dodged            |    85 |    67 ||   152

Table legend: (Time is in decaauts)
 A = Elapsed time spent in this place.
 B = Non-inter-level travel time spent in this place.
 C = Inter-level travel time spent in this place.
 D = Time resting spent in this place.
 E = Time spent auto-exploring this place.
 F = Levels seen in this place.
 G = Mean time per level.
                   A        B        C        D        E       F      G
               +--------+--------+--------+--------+--------+-----+--------+
         Total |   4484 |   4079 |    405 |   1750 |    715 |   3 | 1494.7 |
       Dungeon |   4484 |   4079 |    405 |   1750 |    715 |   3 | 1494.7 |
               +--------+--------+--------+--------+--------+-----+--------+

Top non-repeatable levels by time:
     D:1: 2279 daAuts
     D:2: 1871 daAuts
     D:3: 334 daAuts
